 Dungeon Crawl Stone Soup version 0.23-a0-94-g44dc95ea49 (webtiles) character file.

6286 MrRokkomies the Slicer (level 10, -5/51 HPs)
             Began as a Spriggan Abyssal Knight on Aug 16, 2018.
             Was a Priest of Lugonu.
             Slain by a minotaur (7 damage)
             ... in a labyrinth.
             The game lasted 00:41:35 (13014 turns).

MrRokkomies the Slicer (Spriggan Abyssal Knight)   Turns: 13014, Time: 00:41:42

Health: -5/51      AC:  8    Str:  8    XL:     10   Next: 63%
Magic:  16/16      EV: 19    Int: 18    God:    Lugonu [***...]
Gold:   562        SH:  7    Dex: 15    Spells: 8/9 levels left

rFire    . . .     SeeInvis +   a - +1 demon whip (elec)
rCold    . . .     Gourm    .   C - +0 buckler
rNeg     . . .     Faith    .   v - +1 acid dragon scales
rPois    +         Spirit   .   (helmet restricted)
rElec    .         Reflect  .   I - +0 cloak
rCorr    +         Harm     .   (gloves unavailable)
MR       +....                  (boots unavailable)
Stlth    ++++......             (no amulet)
HPRegen  0.17/turn              n - ring of poison resistance
MPRegen  0.15/turn              D - ring of stealth

@: very slightly contaminated, invisible, very quick
A: very small, unfitting armour, see invisible, herbivore, speed 3, slow
metabolism 2
a: Depart the Abyss, Bend Space, Banish, Renounce Religion


You were in a labyrinth.
You worshipped Lugonu.
Lugonu was most pleased with you.
You were not hungry.

You visited 1 branch of the dungeon, and saw 11 of its levels.
You visited the Abyss 1 time.
You also visited: Labyrinth.

You collected 562 gold pieces.

Inventory:

Hand Weapons
 a - a +1 demon whip of electrocution (weapon)
 b - a +0 hand crossbow of flaming
 x - a +2 dagger of venom
 H - a +1 quick blade
Missiles
 f - 5 needles of confusion
 j - 68 bolts
 p - 3 needles of sleeping
 w - 70 poisoned needles
Armour
 v - +1 acid dragon scales (worn)
 C - a +0 buckler (worn)
 I - a +0 cloak (worn)
Magical Staves
 t - an uncursed staff of wizardry
 z - an uncursed staff of summoning
Jewellery
 n - a ring of poison resistance (left hand)
 A - a +3 ring of intelligence
 D - a ring of stealth (right hand)
 F - a +5 ring of intelligence
Wands
 y - a wand of clouds (3)
 G - a wand of iceblast (10)
 J - a wand of acid (5)
Scrolls
 d - a scroll of immolation
 i - 3 scrolls of teleportation
 r - 4 scrolls of remove curse
 u - a scroll of amnesia
Potions
 e - 4 potions of brilliance
 g - 5 potions of lignification
 h - 2 potions of degeneration {unknown}
 k - 2 potions of flight
 m - 3 potions of mutation
 o - 2 potions of cancellation
 q - a potion of magic
 s - 2 potions of might
 B - a potion of curing
Comestibles
 c - 9 rations


   Skills:
 - Level 5.0 Fighting
 - Level 8.0 Short Blades
 * Level 4.0 Maces & Flails
 - Level 4.0 Crossbows
 - Level 6.1 Dodging
 - Level 6.1 Stealth
 * Level 4.0 Shields
 - Level 7.3 Invocations
 - Level 6.6 Evocations


You had 8 spell levels left.
You knew the following spells:

 Your Spells              Type           Power        Failure   Level  Hunger
a - Confusing Touch       Hex            #.....       43%         1    ##.....

Your spell library contained the following spells:

 Spells                   Type           Power        Failure   Level  Hunger
 Apportation              Tloc           #.....       43%         1    ##.....
 Summon Small Mammal      Summ           #...         43%         1    ##.....
 Animate Skeleton         Necr           N/A          43%         1    ##.....


Dungeon Overview and Level Annotations

Branches:
Dungeon (11/15)            Temple (0/1) D:7            Lair (0/6) D:10
    Orc (0/2) D:10

Altars:
Elyvilon
Hepliaklqana
Makhleb
Nemelex Xobeh
Qazlal
Ru
Trog
Vehumet
Xom
Yredelemnul
Zin
The Shining One

Shops:
D:8 !

Portals:
Bailey: D:11

Annotations:
D:10 1 runed door, Ablot's ghost, novice GnSk
D:11 2 runed doors, drwowa's ghost, journeyman GrBe


Innate Abilities, Weirdness & Mutations

You are very small and have problems with some larger weapons.
You are too small for most types of armour.
You have supernaturally acute eyesight. (SInv)
You are a herbivore.
You cover ground extremely quickly.
You need to consume almost no food.


Message History

The minotaur is engulfed in negative energy.
The minotaur is drained!
The minotaur throws a silver javelin.
The silver javelin hits you!
* * * LOW HITPOINT WARNING * * *
You see here 6 silver javelins.
You start resting.
The minotaur is too close now for your liking.
Okay, then.
Unknown command.
Evoke which item? (* to show all) (? for menu, Esc to quit)
Aiming: Cloud Cone
Press: ? - help, Dir - move target cursor, f/p - minotaur
Aim: a minotaur, wearing a plate armour (severely wounded, covered in acid, lightly drained)
You create a blast of flame!
The minotaur is no longer covered in acid.
The minotaur is engulfed in blazing flames.
The minotaur hits you!
* * * LOW HITPOINT WARNING * * *
The minotaur gores you!
You die...

# . #### ####
# #.#. . ..
..#.. ###.#
##.## # # # .
. .. .# # .
#####.# #.#
### ###
....... .# .
#.########## #
#.#§H§......
.#
#.#.#@#.###.##
## #.....#.H.
#####.#####
#.# #.# ..#
###


You could see a minotaur.

Vanquished Creatures
  A troll (D:10)
  A hornet (D:8)
  Grinder (D:5)
  2 hippogriffs
  A vampire (D:10)
  A wyvern (D:10)
  2 orc warriors
  A black bear (D:10)
  4 sky beasts
  An eye of draining (D:11)
  3 ice beasts
  2 ogres
  A phantom (D:6)
  2 necrophages
  3 centaurs
  A crocodile (D:8)
  5 bullfrogs
  6 scorpions
  8 crimson imps
  A quasit (D:7)
  4 orc priests
  7 hounds
  A jelly (D:6)
  9 orc wizards
  3 iguanas
  12 worker ants
  A killer bee zombie (D:8)
  A hound zombie (D:5)
  A worker ant zombie (D:8)
  16 adders
  3 gnolls (D:7)
  A shadow imp (D:5)
  An ooze (D:4)
  2 adder skeletons
  2 worms (D:3)
  A dart slug (D:1)
  6 leopard geckos
  49 orcs
  A ball python (D:1)
  7 giant cockroaches
  11 goblins
  9 hobgoblins
  4 jackals (D:8)
  2 quokkas
  8 bats
  5 frilled lizards
  A jackal skeleton (D:6)
  11 kobolds
  A leopard gecko zombie (D:7)
  2 quokka skeletons
  A quokka zombie (D:8)
  11 rats
241 creatures vanquished.

Vanquished Creatures (others)
  A two-headed ogre (D:11)
  A deep elf mage (D:11)
  A wizard (D:4)
  A wyvern (D:10)
  A human (D:11)
  A hungry ghost (D:7)
  2 orc warriors
  3 centaurs (D:7)
  A howler monkey (D:6)
  An iguana (D:6)
  An orc wizard (D:6)
  A toadstool (D:1)
  2 withered plants (D:10)
17 creatures vanquished.

Grand Total: 258 creatures vanquished

Notes
Turn   | Place    | Note
-------+----------+-------------------------------------------
     0 | Abyss:1  | MrRokkomies the Spriggan Abyssal Knight began the quest for the Orb.
     0 | Abyss:1  | Reached XP level 1. HP: 11/11 MP: 3/3
   112 | Abyss:2  | Noticed a freezing wraith
   135 | Abyss:2  | Noticed a small abomination
   136 | Abyss:2  | Noticed a neqoxec
   137 | D:1      | Escaped the Abyss
   246 | D:1      | Reached XP level 2. HP: 14/16 MP: 4/4
   258 | D:1      | Reached * piety under Lugonu
   798 | D:1      | Reached skill level 3 in Short Blades
   954 | D:1      | Reached XP level 3. HP: 19/19 MP: 5/5
  1418 | D:2      | Reached XP level 4. HP: 20/23 MP: 7/7
  1546 | D:2      | Found a burning altar of Makhleb.
  1975 | D:3      | Reached ** piety under Lugonu
  2254 | D:3      | Reached skill level 4 in Short Blades
  2254 | D:3      | Reached XP level 5. HP: 25/27 MP: 8/8
  2818 | D:3      | Reached skill level 5 in Dodging
  3160 | D:3      | Reached *** piety under Lugonu
  3481 | D:3      | Reached XP level 6. HP: 28/32 MP: 10/10
  3881 | D:4      | Reached skill level 5 in Short Blades
  4447 | D:4      | Found a bloodstained altar of Trog.
  4450 | D:4      | Noticed a wizard
  4457 | D:4      | Killed a wizard
  4571 | D:4      | Noticed an ice beast
  4588 | D:4      | Killed an ice beast
  4588 | D:4      | Reached skill level 5 in Invocations
  4588 | D:4      | Reached XP level 7. HP: 35/35 MP: 11/11
  4792 | D:5      | Entered Level 5 of the Dungeon
  4830 | D:5      | Noticed Grinder
  4835 | D:5      | Killed Grinder
  4835 | D:5      | Reached skill level 6 in Short Blades
  5345 | D:5      | Found a runed door.
  5464 | D:5      | Reached XP level 8. HP: 40/40 MP: 12/12
  5679 | D:5      | Reached **** piety under Lugonu
  5679 | D:5      | Reached skill level 7 in Short Blades
  5994 | D:5      | Found a shimmering altar of Xom.
  6705 | D:6      | Found a white marble altar of Elyvilon.
  7029 | D:6      | Reached skill level 5 in Stealth
  7169 | D:6      | Reached skill level 8 in Short Blades
  7188 | D:6      | Reached skill level 1 in Evocations
  7212 | D:6      | Learned a level 1 spell: Confusing Touch
  7257 | D:6      | Reached skill level 5 in Fighting
  7278 | D:6      | Found a sparkling altar of Nemelex Xobeh.
  7667 | D:6      | Found a hazy altar of Hepliaklqana.
  7667 | D:6      | Found a stormy altar of Qazlal.
  7860 | D:7      | Found a glowing golden altar of the Shining One.
  7860 | D:7      | Found a sacrificial altar of Ru.
  7860 | D:7      | Found a basalt altar of Yredelemnul.
  7887 | D:7      | Reached XP level 9. HP: 47/47 MP: 14/14
  7962 | D:7      | Found a radiant altar of Vehumet.
  7963 | D:7      | Found a staircase to the Ecumenical Temple.
  8540 | D:7      | Found a sparkling altar of Nemelex Xobeh.
  8833 | D:7      | Reached skill level 1 in Crossbows
  9285 | D:8      | Reached skill level 5 in Evocations
 10015 | D:8      | Found Nussuole's Distillery.
 10386 | D:9      | Found a glowing silver altar of Zin.
 10562 | D:9      | Reached skill level 1 in Maces & Flails
 10562 | D:9      | Reached skill level 1 in Shields
 10562 | D:9      | Reached XP level 10. HP: 37/51 MP: 16/16
 10799 | D:10     | Entered Level 10 of the Dungeon
 10966 | D:10     | Found a staircase to the Orcish Mines.
 10996 | D:10     | Found a runed door.
 10997 | D:10     | Noticed Ablot's ghost (novice GnSk)
 11437 | D:10     | Found a staircase to the Lair.
 12024 | D:11     | Noticed a deep elf mage
 12032 | D:11     | Banished a deep elf mage
 12366 | D:11     | Noticed a two-headed ogre
 12389 | D:11     | Banished a two-headed ogre
 12480 | D:11     | Found a large runed door.
 12480 | D:11     | Found a large runed door.
 12481 | D:11     | Noticed drwowa's ghost (journeyman GrBe)
 12512 | D:11     | Found a flagged portal.
 12516 | D:11     | Found a labyrinth entrance.
 12523 | Lab      | Entered a labyrinth
 13001 | Lab      | Noticed a minotaur
 13014 | Lab      | HP: 2/51 [minotaur (7)]
 13014 | Lab      | Slain by a minotaur

Vault maps used:
D:1:      nagdon_arrival_zigzag_paths, kennysheep_doodads, serial_bayou_pond_a
D:2:      makhleb_grotto_becter
D:3:      hangedman_decor_slide_cut, grunt_ministairs_11
D:4:      first_ration, hangedman_decor_peaks_small, trog_wizard
D:5:      led_xom_imps, lightli_church_of_beogh, uniq_grinder
D:6:      gammafunk_temple_overflow_elements, elyvilon_altar_4,
          nemelex_spade_bored_becter
D:7:      nicolae_whirlpool, gammafunk_temple_overflow_forgotten,
          nemelex_xobeh_ov_fountains_minmay, minmay_temple_entry_junction,
          basic_altar
D:8:      serial_shops, shop
D:9:      nicolae_overflow_crystal_walls
D:10:     grunt_lair_entry_orc_guard_hut, orc_0_dummy, gammafunk_ghost_grave
D:11:     enter_bailey_3, lab_entry_generic, ebering_ghost_disaster_area,
          hangedman_stone_soup, lemuel_tele_altar

Skill      XL: |  1  2  3  4  5  6  7  8  9 10 |
---------------+-------------------------------+-----
Invocations    | 2 3 4 5 7 |  7.3
Dodging        | 4 5 6 |  6.1
Short Blades   | 3 4 5 6 8 |  8.0
Fighting       | 3 5 |  5.0
Stealth        | 3 5 6 |  6.1
Evocations     | 2 6 |  6.6
Crossbows      | 4 |  4.0
Maces & Flails | 1 4 |  4.0
Shields        | 1 4 |  4.0

Action                   |  1- 3 |  4- 6 |  7- 9 | 10-12 || total
-------------------------+-------+-------+-------+-------++-------
Melee: Quick blade       |   175 |   423 |   950 |       ||  1548
       Demon whip        |       |       |    63 |   154 ||   217
       Dagger            |       |       |     5 |       ||     5
 Fire: Hand crossbow     |       |    20 |    78 |    10 ||   108
 Cast: Confusing Touch   |       |       |     1 |       ||     1
Invok: Depart the Abyss  |     1 |       |       |       ||     1
       Banish            |       |       |     8 |     7 ||    15
Evoke: Wand              |       |     2 |     9 |     4 ||    15
  Use: Scroll            |     5 |     5 |    14 |     3 ||    27
       Potion            |       |     2 |     2 |     3 ||     7
 Stab: Sleeping          |     4 |     3 |     8 |     3 ||    18
       Distracted        |       |     1 |     1 |     2 ||     4
       Confused          |       |       |     1 |       ||     1
  Eat: Ration            |       |     1 |     5 |     3 ||     9
Armor: Robe              |     9 |    16 |       |       ||    25
       Acid dragon scale |       |     1 |    64 |    33 ||    98
Dodge: Dodged            |    90 |   180 |   334 |   143 ||   747
Block: Buckler           |       |       |    52 |    44 ||    96

Table legend:
 A = Non-vault XP
 B = Vault XP
 C = Vault XP percentage of total XP
 D = Non-vault monster count
 E = Vault monster count
 F = Vault count percentage of total count
 G = Total turns spent on level
                 A         B        C        D         E       F
            +---------+---------+-------+---------+---------+-------
      Total |    7365 |    1616 |  18.0 |     232 |      21 |   8.3
            +---------+---------+-------+---------+---------+-------
        D:1 |      46 |       0 |   0.0 |      27 |       0 |   0.0
        D:2 |      79 |      48 |  37.8 |      21 |       1 |   4.5
        D:3 |     239 |       3 |   1.2 |      39 |       2 |   4.9
        D:4 |     499 |       0 |   0.0 |      21 |       0 |   0.0
        D:5 |     456 |     452 |  49.8 |      17 |       8 |  32.0
        D:6 |     953 |       0 |   0.0 |      24 |       0 |   0.0
        D:7 |     512 |     175 |  25.5 |      22 |       3 |  12.0
        D:8 |    1742 |       0 |   0.0 |      28 |       0 |   0.0
        D:9 |     420 |       0 |   0.0 |       7 |       0 |   0.0
       D:10 |    1402 |     429 |  23.4 |      16 |       4 |  20.0
       D:11 |    1017 |     509 |  33.4 |      10 |       3 |  23.1
            +---------+---------+-------+---------+---------+-------
